 Dungeon Crawl Stone Soup version 0.24.0-37-gcf1ca852f1 (webtiles) character file.

Game seed: 17021208183105701866, levelgen mode: deterministic

133 Kobolds4U the Conjurer (level 4, -3/24 HPs)
             Began as a Deep Elf Conjurer on Dec 6, 2019.
             Killed by divine providence
             ... invoked by an orc priest
              (14 damage)
             ... on level 3 of the Dungeon.
             The game lasted 00:07:44 (2683 turns).

Kobolds4U the Conjurer (Deep Elf Conjurer)          Turns: 2683, Time: 00:07:45

Health: -3/24      AC:  6    Str:  6    XL:     4   Next: 94%
Magic:  1/12       EV: 13    Int: 20    God:
Gold:   194        SH:  0    Dex: 15    Spells: 5/11 levels left

rFire    . . .     SeeInvis .   q - +0 dagger (venom)
rCold    . . .     Gourm    .   (no shield)
rNeg     . . .     Faith    .   a - +0 robe
rPois    .         Spirit   .   (no helmet)
rElec    .         Reflect  .   m - +0 cloak
rCorr    .         Harm     +   (no gloves)
MR       .....                  i - +2 pair of boots
Stlth    ++........             j - amulet of harm
HPRegen  0.08/turn              r - ring of wizardry
MPRegen  0.13/turn              (no ring)

@: no status effects
A: no striking features
a: no special abilities


You were on level 3 of the Dungeon.
You were not hungry.

You visited 1 branch of the dungeon, and saw 3 of its levels.

You collected 194 gold pieces.

Inventory:

Hand Weapons
 b - a +0 short sword of venom
 q - a +0 dagger of venom (weapon)
 y - a +0 rapier
Armour
 a - a +0 robe (worn)
 i - a +2 pair of boots (worn)
 m - a +0 cloak (worn)
Jewellery
 j - an amulet of harm (around neck)
 r - a ring of wizardry (left hand)
Wands
 v - a wand of flame (17)
 w - a wand of acid (14)
Scrolls
 d - a scroll of enchant armour {unknown}
 l - 4 scrolls of remove curse {unknown}
 o - a scroll of identify {unknown}
 p - a scroll of noise {unknown}
 s - a scroll of amnesia {unknown}
 t - a scroll of fog {unknown}
 x - 2 scrolls of teleportation {unknown}
Potions
 e - a potion of haste {unknown}
 f - a potion of brilliance {unknown}
 g - a potion of magic {unknown}
 h - a potion of might {unknown}
 k - a potion of berserk rage {unknown}
 u - a potion of degeneration {unknown}
 z - a potion of lignification {unknown}
Comestibles
 c - 6 rations
 n - a chunk of flesh


   Skills:
 * Level 3.8 Short Blades
 - Level 2.4 Dodging
 - Level 3.0 Stealth
 - Level 4.0 Spellcasting
 - Level 4.3 Conjurations
 + Level 0.5 Hexes


You had 5 spell levels left.
You knew the following spells:

 Your Spells              Type           Power        Failure   Level  Hunger
a - Magic Dart            Conj           ###.         1%          1    None
b - Searing Ray           Conj           ###...       1%          2    #......
c - Dazzling Spray        Conj/Hex       ##....       6%          3    ###....

Your spell library contained the following spells:

 Spells                   Type           Power        Failure   Level  Hunger
 Iskenderun's Mystic Bla  Conj           ###.....     9%          4    ####...
 Fulminant Prism          Conj/Hex       ##........   19%         4    ####...
 Force Lance              Conj/Tloc      ##......     21%         4    ####...


Dungeon Overview and Level Annotations

Branches:
Dungeon (3/15)

Altars:
Cheibriados
Kikubaaqudgha
Wu Jian
Xom


Message History

Confirm with . or Enter, or press ? or * to list all spells.
You don't have enough magic to cast that spell.
Casting: Magic Dart (safe; 1% risk of failure)
Confirm with . or Enter, or press ? or * to list all spells.
You don't have enough magic to cast that spell.
Casting: Magic Dart (safe; 1% risk of failure)
Confirm with . or Enter, or press ? or * to list all spells.
You don't have enough magic to cast that spell.
Casting: Magic Dart (safe; 1% risk of failure)
Confirm with . or Enter, or press ? or * to list all spells.
You don't have enough magic to cast that spell.
Casting: Magic Dart (safe; 1% risk of failure)
Confirm with . or Enter, or press ? or * to list all spells.
You don't have enough magic to cast that spell.
There is an open door here.
Unknown command.
The orc priest calls down the wrath of Beogh upon you.
Beogh smites you!
Ouch! That really hurt!
You die...

...#.# #.......# #.....########.
...#.# #....... #..............
...#.# #.8.[.8. #........##.#.#
...#.#.#...... #.............#
..##.# .....). #######.#######
...#.#.##....# #.# #
÷#.#.#.##...[# #.### # ...#
..##..[o############...#####
...###.##...ooo.@......###.......
.....#.##....#########...........
#.#..#.##........#####..##.......
.....#.##...............##.......
....#...#><......#.....####.....#
......)..........#.....# #......#
.......)#....#......##.# #......#
..##....#.#....###.#...###....÷..
..##....#.#.####...#.###........[


You could see an orc priest and 3 orcs.

Vanquished Creatures
  A hound zombie (D:3)
  2 adders (D:3)
  An ooze (D:2)
  3 worms
  2 dart slugs
  2 leopard geckos
  3 orcs (D:3)
  7 giant cockroaches
  12 goblins
  7 hobgoblins (D:2)
  6 jackals (D:2)
  3 quokkas
  A ball python (D:3)
  7 bats
  5 frilled lizards
  8 kobolds
  6 rats
76 creatures vanquished.

Notes
Turn   | Place    | Note
-------+----------+-------------------------------------------
     0 | D:1      | Kobolds4U the Deep Elf Conjurer began the quest for the
                  | Orb.
     0 | D:1      | Reached XP level 1. HP: 10/10 MP: 6/6
   214 | D:1      | Reached skill level 1 in Short Blades
   222 | D:1      | Reached XP level 2. HP: 14/15 MP: 6/8
   357 | D:1      | Learned a level 2 spell: Searing Ray
   790 | D:2      | Found a shimmering altar of Xom.
   792 | D:2      | Found a snail-covered altar of Cheibriados.
   792 | D:2      | Found a radiant altar of Vehumet.
   794 | D:2      | Found a shimmering altar of Xom.
   794 | D:2      | Found an ancient bone altar of Kikubaaqudgha.
   794 | D:2      | Found an ornate altar of the Wu Jian Council.
   906 | D:2      | Reached XP level 3. HP: 17/19 MP: 1/9
  1606 | D:2      | Learned a level 3 spell: Dazzling Spray
  1751 | D:2      | Reached XP level 4. HP: 24/24 MP: 2/11
  1932 | D:3      | Found an ancient bone altar of Kikubaaqudgha.
  2683 | D:3      | Killed from afar by an orc priest

Levels and vault maps discovered:
D:1:      dpeg_arrival_pond, layout_basic
D:2:      kennysheep_six_static_rooms, layout_rooms, doesnt_xom_only_xom,
          feat_on_display
D:3:      cheibrodos_pilgrimage, layout_basic, kiku_gazebo_pond_becter

Skill      XL: |  1  2  3  4 |
---------------+-------------+-----
Short Blades   | 1 2 3 |  3.8
Stealth        | 3 |  3.0
Spellcasting   | 4 |  4.0
Dodging        | |  2.4
Conjurations   | |  4.3
Hexes          | |  0.5

Action                   |  1- 3 |  4- 6 || total
-------------------------+-------+-------++-------
Melee: Short sword       |    12 |       ||    12
       Dagger            |    29 |    23 ||    52
 Cast: Magic Dart        |    82 |    56 ||   138
       Searing Ray       |     2 |     1 ||     3
 Stab: Sleeping          |     1 |     1 ||     2
  Eat: Chunk             |     3 |     2 ||     5
Armor: Robe              |    28 |    12 ||    40
Dodge: Dodged            |    59 |    28 ||    87
